 Dungeon Crawl Stone Soup version 0.30.1 (webtiles) character file.

Game seed: 2616181778735521118

34648 adizb the Severer (level 13, -4/125 HPs)
             Began as a Minotaur Berserker on July 1, 2023.
             Was a High Priest of Trog.
             Slain by a spriggan rider
             ... wielding a +0 spear
              (13 damage)
             ... on level 5 of the Lair of Beasts.
             The game lasted 00:45:30 (11828 turns).

adizb the Severer (Minotaur Berserker)             Turns: 11828, Time: 00:45:30

Health: -4/125     AC: 20    Str: 33    XL:     13   Next: 43%
Magic:  12/12      EV:  9    Int:  4    God:    Trog [*****.]
Gold:   724        SH:  0    Dex: 10    Spells: 12/12 levels left

rFire   . . .        J - +2 hand axe (vamp)
rCold   + + +        (no shield)
rNeg    . . .        m - +2 plate armour
rPois   .            (helmet restricted)
rElec   .            u - scarf "Yfelok" {repulsion, rC+++ SInv}
rCorr   .            (no gloves)
SInv    +            n - +0 pair of boots
Will    ++...        a - amulet of faith Stlth
                     B - ring of flight
HPRegen 1.40/turn    v - +6 ring of strength
MPRegen 0.13/turn

%: repel missiles, faith
@: strong-willed, flying, regenerating
A: horns 2, retaliatory headbutt
a: Renounce Religion, Berserk, Trog's Hand, Brothers in Arms


You were on level 5 of the Lair of Beasts.
You worshipped Trog.
Trog was extremely pleased with you.
You visited 2 branches of the dungeon, and saw 15 of its levels.

You collected 1012 gold pieces.
You spent 288 gold pieces at shops.

Inventory:

Hand Weapons
 E - a +0 broad axe
 I - a +6 battleaxe
 J - a +2 vampiric hand axe (weapon)
 O - a +3 war axe of venom
Armour
 g - a +0 cloak
 m - a +2 plate armour (worn)
 n - a +0 pair of boots (worn)
 u - the scarf "Yfelok" (worn) {repulsion, rC+++ SInv}
   (You found it on level 7 of the Dungeon)

   rC:        It renders you almost immune to cold.
   SInv:      It lets you see invisible.
 w - the +0 ring mail "Hooh" {-Cast rPois rF+}
   (You found it on level 6 of the Dungeon)

   rF:        It protects you from fire.
   rPois:     It protects you from poison.
   -Cast:     It prevents spellcasting.
 D - the +0 chain mail of Makhleb's Whim {Fly rN++ Int+4}
   (You found it on level 9 of the Dungeon)

   Int:       It affects your intelligence (+4).
   rN:        It greatly protects you from negative energy.
   Fly:       It grants you flight.
 F - a +0 troll leather armour
 G - a +2 kite shield
Jewellery
 a - an amulet of faith (around neck)
 t - an amulet of the acrobat
 v - a +6 ring of strength (right hand)
 B - a ring of flight (left hand)
Wands
 e - a wand of mindburst (3)
 r - a wand of flame (56)
 s - a wand of iceblast (31)
 H - a wand of quicksilver (2)
 K - a wand of digging (7)
 M - a wand of polymorph (3)
Scrolls
 c - 2 scrolls of blinking
 h - 6 scrolls of teleportation
 i - 2 scrolls of amnesia
 k - a scroll of enchant weapon
 l - 2 scrolls of poison
 o - 4 scrolls of fog
 q - 3 scrolls of magic mapping
 y - 4 scrolls of enchant armour
Potions
 b - 3 potions of flight {unknown}
 d - 2 potions of cancellation
 f - 11 potions of curing
 j - 3 potions of attraction
 p - 4 potions of invisibility
 x - 6 potions of berserk rage
 z - 3 potions of magic {unknown}
 A - 2 potions of degeneration {unknown}
 C - a potion of brilliance
 L - a potion of haste {unknown}
Miscellaneous
 N - a box of beasts


   Skills:
 + Level 14.3 Fighting
 + Level 18.8 Axes
 * Level 15.0 Armour
 - Level 2.1 Dodging


You had 12 spell levels left.
You didn't know any spells.
Your spell library was empty.

Dungeon Overview and Level Annotations

Branches:
Dungeon (10/15)            Temple (0/1) D:6            Lair (5/5) D:9
  Swamp (0/4) Lair:3       Spider (0/4) Lair:3        Slime (0/5) Lair:4
    Orc: D:9-12

Altars:
Dithmenos
Fedhas
Gozag
Nemelex Xobeh
Qazlal
Uskayaw
Vehumet
Yredelemnul
Zin
Jiyva

Shops:
D:6 !:   D:9 !

Annotations:
D:9 exclusion: orange crystal statue
Lair:2 exclusion: oklob plant


Innate Abilities, Weirdness & Mutations

You have a pair of horns on your head.
You reflexively headbutt those who attack you in melee.


Message History

You hit the spriggan rider.
The hornet stings you but does no damage.
You hit the hornet.
You feel better.
The hornet is heavily wounded.
You miss the spriggan rider.
You feel sick.
The hornet stings you but does no damage.
The spriggan rider hits you with a +0 spear!!
* * * LOW HITPOINT WARNING * * *
Your skin crawls.
You feel strong-willed.
You feel sick.
You are no longer poisoned.
The hornet stings you but does no damage.
The spriggan rider hits you with a +0 spear!!
* * * LOW HITPOINT WARNING * * *
The hornet stings you but does no damage.
Blink to where?
Press: ? - help, Dir - move target
As you read the scroll of blinking, it crumbles to dust.
Your two-headed ogre goes berserk!
The hornet looks more healthy.
Found 2 stones.
Your two-headed ogre closely misses the hornet. x2
The hornet stings your two-headed ogre.
Your two-headed ogre is poisoned.
Your two-headed ogre seems to slow down.
The hornet stings your two-headed ogre!
Your two-headed ogre looks as sick as possible!
Your two-headed ogre seems to slow down.
Your two-headed ogre hits the hornet with a +0 giant club!!!
The hornet dies!
Trog accepts your kill.
The spriggan rider completely misses you.
Your Armour skill increases to level 15!
The spriggan rider hits you from afar with a +0 spear!
* * * LOW HITPOINT WARNING * * *
Your two-headed ogre closely misses the spriggan rider.
Your two-headed ogre completely misses the spriggan rider.
The spriggan rider hits you from afar with a +0 spear!
You die...

♣..♣§[.)..............
♣..♣♣♣♣.......<÷.......
♣g. ♣♣♣♣....÷÷÷......
♣. ♣.....[........ g.
♣##........###. i
#........#.# h
#...i.....#
#..#...O...P#
........@#.##
.......P##### ........#
......# ...... ......
..... ##.(#


You could see a spriggan rider (ally target) and a friendly two-headed ogre
(summoned, berserk, extremely poisoned, slow).

Vanquished Creatures
  2 hydras
  Erica (D:8)
  A catoblepas (Lair:4)
  A two-headed ogre (D:9)
  A boulder beetle (D:6)
  A death yak (Lair:4)
  Urug (Lair:5)
  Sonja (Lair:2)
  A fire crab (Lair:3)
  12 elephants
  4 black mambas
  A gargoyle (D:10)
  6 cane toads
  2 unseen horror zombies (D:10)
  A rime drake (Lair:1)
  10 komodo dragons
  A meliai (Lair:3)
  A troll (D:10)
  3 polar bears
  A hornet (Lair:5)
  Prince Ribbit (D:7)
  13 blink frogs
  A shadow (D:10)
  2 basilisks
  2 spriggans (Lair:5)
  5 wyverns
  32 yaks
  Grum (D:8)
  An acid dragon (D:6)
  11 water moccasins
  An orc warrior (D:8)
  2 sky beasts (D:6)
  3 black bears
  13 wolves
  An ogre (D:6)
  A boggart (Lair:5)
  3 centaurs
  3 kobold brigands
  8 bullfrogs
  2 gnoll sergeants
  2 scorpions
  9 wights
  19 killer bees
  2 electric eels (Lair:4)
  3 howler monkeys
  4 hounds
  8 centaur zombies (D:10)
  A gnoll bouda (D:8)
  An orc priest (D:9)
  Crazy Yiuf (D:3)
  A sleepcap (D:6)
  9 orc wizards
  6 iguanas
  The ghost of student the Shield-Bearer, a weakling FoFi (D:5)
  A mummy (D:7)
  11 gnolls
  8 adders
  A shadow imp (D:6)
  3 white imps
  A worm (D:4)
  3 dart slugs (D:1)
  19 orcs
  7 bats
  4 endoplasms
  5 giant cockroaches
  7 goblins
  6 hobgoblins
  26 kobolds
  2 quokkas
  6 ball pythons
  3 frilled lizards
  3 kobold zombies (D:7)
  An orc zombie (D:7)
  3 rats
345 creatures vanquished.

Vanquished Creatures (collateral kills)
  A hornet (Lair:5)
1 creature vanquished.

Grand Total: 346 creatures vanquished

Notes
Turn   | Place    | Note
-------+----------+-------------------------------------------
     0 | D:1      | adizb the Minotaur Berserker began the quest for the Orb.
     0 | D:1      | Reached XP level 1. HP: 19/19 MP: 0/0
   102 | D:1      | Reached skill level 4 in Axes
   104 | D:1      | Reached XP level 2. HP: 24/27 MP: 1/1
   604 | D:1      | Reached XP level 3. HP: 33/33 MP: 2/2
   605 | D:1      | Reached ** piety under Trog
  1215 | D:2      | Reached skill level 5 in Axes
  1644 | D:3      | Found a runed translucent door.
  1689 | D:3      | Noticed Crazy Yiuf
  1695 | D:3      | Killed Crazy Yiuf
  1696 | D:3      | Reached XP level 4. HP: 22/41 MP: 3/3
  1782 | D:3      | Identified the +0 robe of Wisdom {rElec}
  2398 | D:4      | Reached XP level 5. HP: 40/47 MP: 4/4
  2434 | D:4      | Found a radiant altar of Vehumet.
  2459 | D:4      | Reached skill level 6 in Axes
  2483 | D:4      | Reached skill level 5 in Fighting
  2966 | D:5      | Entered Level 5 of the Dungeon
  3105 | D:5      | Found a runed translucent gate.
  3109 | D:5      | Found a runed translucent gate.
  3109 | D:5      | Found a runed translucent gate.
  3114 | D:5      | Noticed student's ghost (weakling FoFi)
  3133 | D:5      | Reached XP level 6. HP: 54/56 MP: 5/5
  3136 | D:5      | Killed student's ghost
  3139 | D:5      | Reached *** piety under Trog
  3424 | D:5      | Found a hide-covered altar of Uskayaw.
  3424 | D:5      | Noticed a +0 dagger
  3424 | D:5      | Noticed a +0 spear
  3424 | D:5      | Noticed a +0 dagger
  3424 | D:5      | Noticed a +0 short sword
  3425 | D:5      | Noticed a +0 falchion
  3426 | D:5      | Noticed a +0 spear
  3434 | D:5      | Noticed a +0 short sword
  3435 | D:5      | Noticed a +0 falchion
  3469 | D:5      | You fall into a shaft and drop 2 floors!
  3480 | D:7      | Identified the scarf "Yfelok" {repulsion, rC+++ SInv}
  3495 | D:6      | Found Gaorphiss's Distillery.
  3498 | D:6      | Bought a potion of curing for 30 gold pieces
  3498 | D:6      | Bought a potion of heal wounds for 50 gold pieces
  3498 | D:6      | Bought a potion of heal wounds for 50 gold pieces
  3498 | D:6      | Bought a potion of invisibility for 80 gold pieces
  3562 | D:5      | Reached skill level 7 in Axes
  3684 | D:6      | Reached XP level 7. HP: 42/62 MP: 6/6
  3782 | D:6      | Reached skill level 8 in Axes
  3785 | D:6      | Reached skill level 5 in Armour
  3803 | D:6      | Found Pies Mon's Tiny Tomes.
  3826 | D:6      | Identified the +0 ring mail "Hooh" {-Cast rPois rF+}
  3995 | D:6      | Found a staircase to the Ecumenical Temple.
  4030 | D:6      | Reached skill level 9 in Axes
  4030 | D:6      | Reached XP level 8. HP: 57/71 MP: 7/7
  4122 | D:6      | Noticed a boulder beetle
  4359 | D:6      | Reached **** piety under Trog
  4390 | D:6      | Killed a boulder beetle
  4391 | D:6      | Reached skill level 10 in Axes
  4477 | D:6      | Found a sparkling altar of Nemelex Xobeh.
  4952 | D:7      | Reached XP level 9. HP: 77/81 MP: 8/8
  5050 | D:7      | Reached skill level 11 in Axes
  5289 | D:7      | Noticed Prince Ribbit
  5310 | D:7      | Killed Prince Ribbit
  5732 | D:8      | Found a shadowy altar of Dithmenos.
  5811 | D:8      | Noticed Erica
  5831 | D:8      | Killed Erica
  5832 | D:8      | Reached skill level 12 in Axes
  6143 | D:8      | Identified the +1 robe of the King of the Hill {rElec rF++
                  | Str-5 Dex+2}
  6277 | D:8      | Noticed Grum
  6282 | D:8      | Reached XP level 10. HP: 91/91 MP: 9/9
  6293 | D:8      | Killed Grum
  6294 | D:8      | Reached skill level 13 in Axes
  6442 | D:9      | Found Lunus's Distillery.
  6448 | D:9      | Bought a potion of curing for 39 gold pieces
  6448 | D:9      | Bought a potion of curing for 39 gold pieces
  6450 | D:9      | Identified the +0 chain mail of Makhleb's Whim {Fly rN++
                  | Int+4}
  6495 | D:9      | Reached ***** piety under Trog
  6512 | D:9      | Found a blossoming altar of Fedhas.
  6524 | D:9      | Found an opulent altar of Gozag.
  6597 | D:9      | Found a staircase to the Lair.
  6831 | D:9      | Noticed an orange crystal statue
  6877 | D:9      | Reached skill level 10 in Fighting
  6950 | D:9      | Noticed a two-headed ogre
  6959 | D:9      | Killed a two-headed ogre
  6960 | D:9      | Reached skill level 14 in Axes
  6973 | D:9      | Reached skill level 10 in Armour
  7320 | D:10     | Entered Level 10 of the Dungeon
  7359 | D:10     | Reached XP level 11. HP: 86/101 MP: 10/10
  7373 | D:10     | Found a basalt altar of Yredelemnul.
  7382 | D:10     | Reached skill level 15 in Axes
  7584 | D:9      | Found a glowing silver altar of Zin.
  7744 | D:10     | Found a stormy altar of Qazlal.
  8358 | Lair:1   | Entered Level 1 of the Lair of Beasts
  8740 | Lair:1   | Reached skill level 16 in Axes
  9115 | Lair:1   | Received a gift from Trog
  9421 | Lair:2   | Reached XP level 12. HP: 99/113 MP: 11/11
  9535 | Lair:2   | Reached skill level 17 in Axes
  9628 | Lair:2   | Noticed a six-headed hydra
  9638 | Lair:2   | Killed a ten-headed hydra
  9712 | Lair:2   | Noticed Sonja
  9722 | Lair:2   | Killed Sonja
  9979 | Lair:3   | Found a staircase to the Swamp.
  9996 | Lair:3   | Found a hole to the Spider Nest.
 10011 | Lair:3   | Reached skill level 18 in Axes
 10601 | Lair:3   | Received a gift from Trog
 10911 | Lair:4   | Reached XP level 13. HP: 123/123 MP: 12/12
 11063 | Lair:4   | Found a viscous altar of Jiyva.
 11063 | Lair:4   | Found a staircase to the Slime Pits.
 11536 | Lair:5   | Entered Level 5 of the Lair of Beasts
 11536 | Lair:5   | Noticed Urug
 11555 | Lair:5   | Killed Urug
 11575 | Lair:5   | Received a gift from Trog
 11812 | Lair:5   | Paralysed by a hornet for 3 turns
 11827 | Lair:5   | Reached skill level 15 in Armour
 11828 | Lair:5   | Slain by a spriggan rider

Illustrated notes

Levels and vault maps discovered:
D:1:      heliophobic_arrival_enchanted_forest, layout_basic,
          kennysheep_minor_cross, dreamdust_mushroom_princess
D:2:      layout_loops_ring, hangedman_decor_clover_reticule
D:3:      layout_loops_cross, uniq_crazy_yiuf_cottage
D:4:      layout_basic, lemuel_doored_altar
D:5:      layout_basic, nicolae_uskayaw_en_pointe, gammafunk_ghost_nasty_kobolds
D:6:      minmay_chambers_of_sixes, layout_loops_ring,
          nemelex_diamond_rough_becter, minmay_temple_entry_drinking_statues,
          serial_shops, nicolae_stop_n_shop_1,
          nicolae_shop_i_like_small_books_too, kennysheep_generic_room_12
D:7:      layout_basic, minmay_mini_ossuary, uniq_prince_ribbit1
D:8:      layout_basic, grunt_dithmenos_smoke_and_mirrors, minmay_puff,
          uniq_erica, uniq_grum
D:9:      layout_layer_cave, lemuel_crystal_altar, overflow_temple_1_default,
          amcnicky_altar_gilded, lair_entry_dummy, serial_shops,
          nicolae_shop_bloodbath_and_beyond, nicolae_stop_n_shop_1,
          minivault_16, kennysheep_generic_room_9
D:10:     gammafunk_mikee_crab_dinner, layout_stronghold,
          nicolae_yredelemnul_corpse_copse, mainiacjoe_overflow_small_starburst,
          dk_rats_in_the_wall
Lair:1:   layout_regular_city, minmay_stone_trees_medium, grunt_megastairs_3,
          infiniplex_staircase_pool_2
Lair:2:   minmay_lair_oklob_tunnel, layout_regular_city, uniq_sonja
Lair:3:   layout_regular_city, minmay_swamp_entry_reptiles,
          hellmonk_spider_entry_not_the_bees
Lair:4:   layout_roguey, slime_entry_1, nicolae_lair_yak_garden,
          serial_bayou_shore_a
Lair:5:   minmay_lair_end_enchanted_forest, layout_cellular_growth,
          lemuel_fruit_tree, uniq_urug

Skill      XL: |  1  2  3  4  5  6  7  8  9 10 11 12 13 |
---------------+----------------------------------------+-----
Axes           | 4 5 6 7 9 10 12 14 16 18 | 18.8
Fighting       | 4 5 6 8 9 10 12 13 14 | 14.3
Armour         | 3 4 5 7 8 10 11 13 15 | 15.0
Dodging        | |  2.1

Action                     |  1- 3 |  4- 6 |  7- 9 | 10-12 | 13-15 || total
---------------------------+-------+-------+-------+-------+-------++-------
  Melee: Hand axe          |    14 |       |       |   195 |    94 ||   303
         Headbutt          |     8 |    13 |    47 |   115 |    25 ||   208
         War axe           |    53 |    91 |   243 |   158 |    18 ||   563
         Punch             |       |     4 |       |     4 |     1 ||     9
         Broad axe         |       |       |       |   132 |       ||   132
         Battleaxe         |       |       |       |    42 |    15 ||    57
   Fire: Longbow           |       |    15 |       |       |       ||    15
 Invoke: Trog's Hand       |       |       |     4 |     4 |     4 ||    12
         Berserk           |       |       |     3 |     5 |     1 ||     9
         Brothers in Arms  |       |       |       |       |     1 ||     1
    Use: Scroll            |     6 |     4 |     4 |     3 |     2 ||    19
         Potion            |       |       |     2 |     4 |       ||     6
 Armour: Animal skin       |     3 |       |       |       |       ||     3
         Leather armour    |     9 |       |       |       |       ||     9
         Plate armour      |     9 |    74 |   178 |   360 |    76 ||   697
  Dodge: Dodged            |    41 |    45 |   102 |   231 |    47 ||   466
         Repelled          |       |       |     1 |     4 |       ||     5
